 Dungeon Crawl Stone Soup version 0.30-a0-939-gc8157cb160 (webtiles) character file.

Game seed: 1968215132517053552

1929 jt the Cleaver (level 9, 0/79 HPs)
             Began as a Hill Orc Gladiator on Mar 25, 2023.
             Was a Believer of Beogh.
             Killed by divine providence
             ... invoked by an orc priest
              (15 damage)
             ... on level 7 of the Dungeon.
             The game lasted 00:14:39 (4905 turns).

jt the Cleaver (Hill Orc Gladiator)                 Turns: 4905, Time: 00:14:43

Health: 0/79       AC: 15    Str: 21    XL:     9   Next: 17%
Magic:  10/10      EV:  8    Int:  8    God:    Beogh [**....]
Gold:   140        SH:  0    Dex: 12    Spells: 6/8 levels left

rFire   + . .      SeeInvis .    a - +0 war axe
rCold   . . .      Faith    +    (no shield)
rNeg    . . .      Spirit   .    K - +0 chain mail {rF+}
rPois   +          Reflect  .    c - +0 helmet
rElec   .          Rampage  .    (no cloak)
rCorr   .                        (no gloves)
Will    .....                    (no boots) Stlth
                                 t - amulet of faith
HPRegen 0.33/turn                p - ring of poison resistance
MPRegen 0.12/turn                u - +4 ring of protection

@: no status effects
A: no striking features
a: Renounce Religion, Smiting


You were on level 7 of the Dungeon.
You worshipped Beogh.
Beogh was pleased with you.
You visited 2 branches of the dungeon, and saw 8 of its levels.
You also visited: Ossuary.

You collected 326 gold pieces.
You spent 186 gold pieces at shops.

Inventory:

Hand Weapons
 a - a +0 war axe (weapon)
 b - a +0 sling
 r - a +0 battleaxe
 s - a +0 mace
 w - a +2 halberd of flaming
 x - a +0 spear
 B - a +0 shortbow
 E - the +5 dagger of Vahyobbeere {freeze, rF++ Str-2 Int+4}
   (You found it on level 4 of the Dungeon)

   Str:       It affects your strength (-2).
   Int:       It affects your intelligence (+4).
   rF:        It greatly protects you from fire.
Missiles
 d - 3 throwing nets
 e - a javelin
 n - 47 stones
 y - a silver boomerang
 G - 6 poisoned darts (quivered)
Armour
 c - a +0 helmet (worn)
 K - a +0 chain mail of fire resistance (worn)
 O - a +3 leather armour of cold resistance
Magical Staves
 Q - a staff of fire
Jewellery
 p - a ring of poison resistance (left hand)
 t - an amulet of faith (around neck)
 u - a +4 ring of protection (right hand)
Wands
 A - a wand of paralysis (5)
 C - a wand of digging (9)
 F - a wand of flame (19)
Scrolls
 f - 3 scrolls of teleportation
 h - a scroll of vulnerability
 k - a scroll of immolation
 l - a scroll of fear
 q - a scroll of enchant armour
 H - 3 scrolls of fog
 J - a scroll of amnesia
Potions
 g - 3 potions of flight {unknown}
 i - 2 potions of might {unknown}
 j - 2 potions of degeneration {unknown}
 m - 3 potions of invisibility
 o - 2 potions of heal wounds {unknown}
 v - a potion of berserk rage {unknown}
 z - a potion of brilliance {unknown}
 D - 2 potions of mutation {unknown}
 I - a potion of magic {unknown}
 L - a potion of resistance {unknown}
 M - 2 potions of curing {unknown}
 N - a potion of attraction {unknown}
 P - a potion of haste


   Skills:
 + Level 7.3 Fighting
 * Level 11.5 Axes
 - Level 1.7 Throwing
 + Level 5.1 Armour
 - Level 2.4 Dodging
 + Level 1.8 Invocations
 - Level 2.0 Evocations


You had 6 spell levels left.
You knew the following spells:

 Your Spells              Type           Power      Damage    Failure   Level
a - Passwall              Tmut/Erth      0%         N/A       99%         2

Your spell library contained the following spells:

 Spells                   Type           Power      Damage    Failure   Level
 Apportation              Tloc           0%         N/A       98%         1
 Kiss of Death            Conj/Necr      0%         2d5       98%         1
 Necrotise                Necr           0%         1d4       98%         1
 Sandblast                Erth           0%         2d4       98%         1
 Summon Small Mammal      Summ           0%         N/A       98%         1
 Confusing Touch          Hex            0%         N/A       100%        3
 Portal Projectile        Hex/Tloc       0%         N/A       100%        3
 Stone Arrow              Conj/Erth      0%         3d7       100%        3
 Tukima's Dance           Hex            0%         N/A       100%        3
 Dispel Undead            Necr           0%         3d6       100%        4
 Blade Hands              Tmut           0%         N/A       100%        5


Dungeon Overview and Level Annotations

Branches:
Dungeon (7/15)             Temple (1/1) D:6         Ossuary (visited)

Altars:
Nemelex Xobeh

Shops:
D:4 *

Annotations:
D:6 1 runed translucent door, Dirtsage's ghost, novice DsFi


Message History

Beogh smites you!
* * * LOW HITPOINT WARNING * * *
Found a spear.
You start resting.
An orc priest is nearby!
Aiming: Paralyse
Press: ? - help, Shift-Dir - straight line, f - orc priest
Aim: an orc priest, wielding a +0 dagger and wearing a +0 leather armour (chance to affect: 54%)
The orc priest resists with significant effort.
Throw: 7 darts (poison)
Press: ? - help, Q - select action, (/) - cycle Shift-Dir - straight line, f/p - orc priest
Aim: an orc priest, wielding a +0 dagger and wearing a +0 leather armour (60% to hit)
You throw a poisoned dart. The poisoned dart hits the orc priest.
You closely miss the orc priest. The orc priest barely misses you.
You closely miss the orc priest.
The orc priest hits you but does no damage.
You hit the orc priest but do no damage.
You slash the orc priest!
The orc priest is severely wounded.
The orc priest hits you but does no damage.
You closely miss the orc priest. You hit the orc priest.
You kill the orc priest!
Beogh accepts your kill.
Beogh appreciates your killing of a heretic priest.
The orc priest barely misses you.
You slash the orc priest!
The orc priest is heavily wounded.
The orc priest barely misses you.
You hit the orc priest.
The orc priest is almost dead.
The orc priest mumbles some strange prayers to Beogh against you.
Beogh smites you!
* * * LOW HITPOINT WARNING * * *
You hit the orc priest.
The orc priest is almost dead.
The sentinel's mark upon you fades away.
The orc priest invokes the aid of Beogh against you.
Beogh smites you!
You die...
Beogh appreciates the orc priest's killing of a heretic priest.

#########....#
****,*,**,*,,,,
#...........## *,*,,*,,,,,,
#...........# *,,>,,,***,,
#...........##
*****<**o******,
#............#**,,,,,,..,,,*
*,
#......####.....,***,.$,,,,*
**
#.............##***,..,.,,,*
* #......####.#.##
**.#...,,,*
#......#......@###......,,,*
#......#).....oo(...#,,,,,,*
#......#..........#.#,,,,,,*
#################...#,,,,,,*
*####,,,,,,* ********


You could see an orc priest and an orc.

Vanquished Creatures
  Maggie (D:6)
  A water moccasin (D:5)
  A black bear (D:5)
  An ice beast (D:6)
  A centaur (D:6)
  An ogre (D:6)
  A phantom (D:7)
  A bullfrog (D:7)
  2 scorpions
  A howler monkey (D:6)
  2 hounds
  5 centaur zombies (Ossuary)
  2 jellies
  4 orc priests
  A sleepcap (D:6)
  4 iguanas
  4 orc wizards
  4 mummies (Ossuary)
  Robin (D:3)
  10 adders
  3 gnolls (D:6)
  A shadow imp (D:6)
  2 white imps (D:5)
  3 ufetubi
  A worm (D:5)
  A dart slug (D:3)
  14 orcs
  2 ball pythons
  3 endoplasms
  2 giant cockroaches (D:2)
  7 goblins
  9 hobgoblins
  8 jackals
  4 quokkas
  5 bats
  A frilled lizard (D:2)
  2 hobgoblin zombies (Ossuary)
  7 kobolds
  5 rats
128 creatures vanquished.

Vanquished Creatures (others)
  An orc priest (D:4)
  3 orcs
4 creatures vanquished.

Grand Total: 132 creatures vanquished

Notes
Turn   | Place    | Note
-------+----------+-------------------------------------------
     0 | D:1      | jt the Hill Orc Gladiator began the quest for the Orb.
     0 | D:1      | Reached XP level 1. HP: 18/18 MP: 1/1
   160 | D:1      | Reached XP level 2. HP: 23/25 MP: 2/2
   788 | D:2      | Reached skill level 5 in Axes
   788 | D:2      | Reached XP level 3. HP: 26/31 MP: 3/3
  1413 | D:3      | Reached XP level 4. HP: 31/38 MP: 4/4
  1681 | D:3      | Reached skill level 6 in Axes
  1690 | D:3      | Noticed Robin
  1736 | D:3      | Killed Robin
  1905 | D:4      | Reached XP level 5. HP: 41/46 MP: 5/5
  1937 | D:4      | Became a worshipper of Beogh the Brigand
  1974 | D:4      | Learned a level 2 spell: Passwall
  2111 | D:4      | Found Ocec's Assorted Antiques.
  2118 | D:4      | Bought an encrusted silver wand for 108 gold pieces
  2120 | D:4      | Bought a scroll labelled LUWIAW UPAOJ for 27 gold pieces
  2120 | D:4      | Bought a scroll labelled TORIHU TUON for 27 gold pieces
  2120 | D:4      | Bought a bubbling puce potion for 24 gold pieces
  2184 | D:4      | Identified the +5 dagger of Vahyobbeere {freeze, rF++ Str-2
                  | Int+4}
  2212 | D:4      | Reached skill level 7 in Axes
  2212 | D:4      | Reached skill level 1 in Armour
  2638 | D:4      | Reached XP level 6. HP: 52/53 MP: 6/6
  2678 | D:5      | Entered Level 5 of the Dungeon
  2836 | D:5      | Found a sand-covered staircase.
  2837 | D:5      | Noticed a water moccasin
  2843 | D:5      | Killed a water moccasin
  2844 | D:5      | Reached skill level 5 in Fighting
  2844 | D:5      | Reached skill level 8 in Axes
  2844 | D:5      | Reached XP level 7. HP: 61/61 MP: 7/7
  2847 | Ossuary  | Entered an ossuary
  2856 | Ossuary  | Reached skill level 1 in Evocations
  2860 | Ossuary  | Reached * piety under Beogh
  3116 | D:5      | Reached skill level 9 in Axes
  3581 | D:5      | Reached XP level 8. HP: 64/70 MP: 8/8
  3860 | D:6      | Noticed Maggie
  3936 | D:6      | Killed Maggie
  3937 | D:6      | Reached skill level 10 in Axes
  4103 | D:6      | Reached ** piety under Beogh
  4104 | D:6      | Found a staircase to the Ecumenical Temple.
  4129 | Temple   | Entered the Ecumenical Temple
  4314 | D:6      | Noticed Dirtsage's ghost (novice DsFi)
  4346 | D:6      | Found a runed translucent door.
  4370 | D:6      | Reached skill level 11 in Axes
  4659 | D:7      | Reached XP level 9. HP: 79/79 MP: 9/9
  4858 | D:7      | Reached skill level 1 in Invocations
  4866 | D:7      | Reached skill level 5 in Armour
  4878 | D:7      | Noticed a two-headed ogre
  4905 | D:7      | Killed from afar by an orc priest

Illustrated notes

Levels and vault maps discovered:
D:1:      erik_arrival_triangle_large, layout_basic
D:2:      layout_loops_ring
D:3:      layout_rooms, uniq_robin
D:4:      layout_loops_ring, serial_shops, nicolae_stop_n_shop_2,
          due_unseen_surprise
D:5:      layout_basic, nicolae_ossuary_entry_monument
D:6:      layout_rooms, minmay_temple_entry_wispy,
          hellmonk_ghost_happy_afterlife, uniq_maggie
D:7:      layout_rooms, mainiacjoe_overflow_big_doors,
          chequers_serial_rivers_micro_b, hangedman_decor_lopped
Temple:   mainiacjoe_temple_cubbyholes

Skill      XL: |  1  2  3  4  5  6  7  8  9 |
---------------+----------------------------+-----
Fighting       | 3 4 5 7 |  7.3
Axes           | 5 6 7 8 9 11 | 11.5
Armour         | 1 3 4 5 |  5.1
Evocations     | 2 |  2.0
Invocations    | 1 |  1.8
Throwing       | |  1.7
Dodging        | |  2.4

Action                     |  1- 3 |  4- 6 |  7- 9 || total
---------------------------+-------+-------+-------++-------
  Melee: War axe           |    78 |   140 |   201 ||   419
         Punch             |       |       |     1 ||     1
  Throw: Dart              |       |     5 |    14 ||    19
         Throwing net      |       |       |     2 ||     2
   Cast: Passwall          |       |       |     2 ||     2
 Invoke: Convert to Beogh  |       |     1 |       ||     1
         Smiting           |       |       |     2 ||     2
  Evoke: Wand              |       |     2 |     7 ||     9
    Use: Scroll            |       |     4 |     5 ||     9
         Potion            |       |       |     2 ||     2
   Stab: Paralysed         |       |     2 |     9 ||    11
         Invisible         |       |       |     3 ||     3
 Armour: Leather armour    |     7 |       |       ||     7
         Ring mail         |    21 |    71 |       ||    92
         Chain mail        |       |    32 |   188 ||   220
  Dodge: Dodged            |    33 |    94 |   114 ||   241

Table legend: (Time is in decaauts)
 A = Elapsed time spent in this place.
 B = Non-inter-level travel time spent in this place.
 C = Inter-level travel time spent in this place.
 D = Time resting spent in this place.
 E = Time spent auto-exploring this place.
 F = Levels seen in this place.
 G = Mean time per level.
                   A        B        C        D        E       F      G
               +--------+--------+--------+--------+--------+-----+--------+
         Total |   4949 |   4787 |    162 |    679 |   2438 |   9 |  549.9 |
       Dungeon |   4697 |   4547 |    150 |    551 |   2415 |   7 |  671.0 |
        Temple |     27 |     15 |     12 |      0 |      0 |   1 |   27.0 |
       Ossuary |    224 |    224 |      0 |    128 |     23 |   1 |  224.0 |
               +--------+--------+--------+--------+--------+-----+--------+

Top non-repeatable levels by time:
     D:4: 987 daAuts
     D:6: 901 daAuts
     D:5: 799 daAuts
     D:1: 762 daAuts
     D:2: 711 daAuts
     D:3: 431 daAuts
 Ossuary: 224 daAuts
     D:7: 102 daAuts
  Temple: 27 daAuts
